 Dungeon Crawl Stone Soup version 0.28.0 (webtiles) character file.

Game seed: 10042903035962597056

7164 raph the Spear-Bearer (level 11, -4/83 HPs)
             Began as a Merfolk Gladiator on Feb 8, 2022.
             Was a Priest of Elyvilon.
             Slain by Fannar (6 damage)
             ... on level 10 of the Dungeon.
             The game lasted 00:20:47 (10184 turns).

raph the Spear-Bearer (Merfolk Gladiator)          Turns: 10184, Time: 00:20:47

Health: -4/83      AC: 14    Str: 15    XL:     11   Next: 11%
Magic:  15/15      EV: 20    Int:  7    God:    Elyvilon [***...]
Gold:   368        SH:  5    Dex: 20    Spells: 10/10 levels left

rFire   + . .      SeeInvis .   a - +6 halberd
rCold   + . .      Faith    .   (shield currently unavailable)
rNeg    + + .      Spirit   .   r - +2 leather armour of Ulozass {Harm rElec rN+ Stlth+}
rPois   +          Reflect  +   c - +1 helmet
rElec   +          Harm     +   B - +2 cloak
rCorr   +          Rampage  .   E - +1 pair of gloves
Will    .....                   e - +0 pair of boots
Stlth   ++........              i - amulet of reflection
HPRegen 0.23/turn               j - ring of positive energy
MPRegen 0.14/turn               x - ring of resist corrosion

@: mighty, resistant
A: (nimble swimmer 2), mertail
a: Renounce Religion, Purification, Heal Other, Heal Self


You were on level 10 of the Dungeon.
You worshipped Elyvilon.
Elyvilon was most pleased with you.
You visited 2 branches of the dungeon, and saw 11 of its levels.

You collected 554 gold pieces.
You spent 186 gold pieces at shops.

Inventory:

Hand Weapons
 a - a +6 halberd (weapon)
 t - a +2 trident of freezing
 z - a +3 trident
Missiles
 d - a throwing net
 h - 14 poisoned darts (quivered)
 C - 4 javelins
Armour
 c - a +1 helmet (worn)
 e - a +0 pair of boots (worn)
 r - the +2 leather armour of Ulozass (worn) {Harm rElec rN+ Stlth+}
   (You found it on level 5 of the Dungeon)

   rElec:     It insulates you from electricity.
   rN:        It protects you from negative energy.
   Harm:      It increases damage dealt and taken.
   Stlth:     It makes you more stealthy.
 B - a +2 cloak (worn)
 E - a +1 pair of gloves (worn)
Jewellery
 i - an amulet of reflection (around neck)
 j - a ring of positive energy (left hand)
 x - a ring of resist corrosion (right hand)
Wands
 b - a wand of digging (3)
 k - a wand of flame (49)
 n - a wand of iceblast (19)
 y - a wand of polymorph (7)
Scrolls
 g - 2 scrolls of fear
 p - 4 scrolls of teleportation
 s - a scroll of blinking
 D - a scroll of amnesia
 G - a scroll of identify
Potions
 f - 3 potions of mutation
 l - 3 potions of magic
 m - 2 potions of brilliance
 q - 2 potions of curing
 u - 2 potions of haste
 v - a potion of heal wounds
 A - 2 potions of attraction
 F - a potion of invisibility


   Skills:
 + Level 6.8 Fighting
 + Level 13.8 Polearms
 + Level 4.5 Throwing
 + Level 4.4 Armour
 * Level 11.7 Dodging
 + Level 6.3 Invocations


You had 10 spell levels left.
You didn't know any spells.
Your spell library contained the following spells:

 Spells                   Type           Power      Damage    Failure   Level
 Animate Skeleton         Necr           0%         N/A       50%         1
 Apportation              Tloc           0%         N/A       50%         1
 Pain                     Necr           0%         1d4       50%         1
 Sandblast                Erth           0%         2d4       50%         1
 Shock                    Conj/Air       0%         1d3       50%         1
 Passwall                 Tmut/Erth      0%         N/A       65%         2
 Confusing Touch          Hex            0%         N/A       86%         3
 Dazzling Flash           Conj/Hex       0%         N/A       86%         3
 Stone Arrow              Conj/Erth      0%         3d7       86%         3
 Swiftness                Air            0%         N/A       86%         3
 Vampiric Draining        Necr           0%         2d6       86%         3
 Airstrike                Air            0%         N/A       99%         4
 Fulminant Prism          Conj/Hex       0%         3d6       99%         4
 Iskenderun's Mystic Bla  Conj/Tloc      0%         2d3       99%         4
 Alistair's Intoxication  Tmut/Pois      0%         N/A       100%        5
 Lee's Rapid Deconstruct  Erth           0%         3d5*      100%        5
 Yara's Violent Unravell  Hex/Tmut       0%         3d3       100%        5
 Starburst                Conj/Fire      0%         6d3       100%        6
 Enfeeble                 Hex            0%         N/A       100%        7


Dungeon Overview and Level Annotations

Branches:
Dungeon (10/15)            Temple (1/1) D:4            Lair (0/6) D:8
    Orc (0/2) D:9

Altars:
Ashenzari
Cheibriados
Dithmenos
Elyvilon
Fedhas
Gozag
Hepliaklqana
Kikubaaqudgha
Makhleb
Nemelex Xobeh
Okawaru
Qazlal
Ru
Sif Muna
Trog
Uskayaw
Vehumet
Wu Jian
Xom
Yredelemnul
Zin
The Shining One

Shops:
D:5 ?   D:9 [(

Annotations:
D:10 Fannar


Innate Abilities, Weirdness & Mutations

((You are very nimble when in or above water. (Stealth+, EV+, Speed+++)))
Your lower body shifts to a powerful aquatic tail in water.


Message History

HP restored.
You see here a +0 spear.
You open the door.
There is an open door here.
Fannar the Cold-Hearted comes into view.
They are wielding a staff of cold and wearing a +2 robe of cold resistance.
Fannar shouts!
Okay, then.
You feel very mighty all of a sudden. Fannar barely misses you.
You barely miss Fannar. Fannar hits you but does no damage. Fannar freezes you!
You puncture Fannar!
Fannar is lightly wounded.
Fannar closely misses you.
You slash Fannar!
Fannar is moderately wounded.
Fannar hits you but does no damage. Fannar freezes you!
You barely miss Fannar.
Fannar is moderately wounded.
Fannar hits you but does no damage. Fannar freezes you!
You slice Fannar!!
Fannar is severely wounded.
You barely miss Fannar.
Fannar is severely wounded.
Fannar points at you and mumbles some strange words.
The bolt of cold hits you!!
* * * LOW HITPOINT WARNING * * *
You closely miss Fannar.
Fannar is severely wounded.
Fannar gestures wildly while chanting.
Fannar drains the heat from the surrounding environment!
Elyvilon protects you from harm!
You feel protected.
Fannar casts a spell.
Fannar drains the heat from the surrounding environment!
You resist.
* * * LOW HITPOINT WARNING * * *
You puncture Fannar!
Fannar is almost dead.
Fannar hits you with a staff of cold.
You die...

.......# #..........#
.......# #..........#
.......##### #).........#
.......'...####.)........#
.......###....'))........#
.......# ######.>........#
+####### #####'######
#####.# #.@...# #e#####
#.. #.. ... ##.. #.. ###


You could see Fannar.

Vanquished Creatures
  Pikel (D:3)
  A manticore (D:6)
  A troll (D:9)
  Sigmund (D:6)
  A shadow (D:9)
  6 yaks
  3 vampire mosquitoes
  Edmund (D:6)
  A water moccasin (D:4)
  An ice beast (D:6)
  3 orc warriors (D:9)
  A sky beast (D:6)
  A necrophage (D:6)
  A phantom (D:5)
  3 centaurs
  2 lemures
  2 bullfrogs
  A gnoll sergeant (D:10)
  A wyvern zombie (D:6)
  2 water moccasin zombies (D:6)
  A wyvern skeleton (D:6)
  4 killer bees (D:9)
  14 wights
  5 howler monkeys
  A bullfrog zombie (D:5)
  3 centaur zombies
  2 hounds
  A jelly (D:5)
  4 orc priests
  A bullfrog skeleton (D:6)
  A gnoll shaman (D:8)
  Jessica (D:3)
  3 iguanas
  6 orc wizards
  A killer bee zombie (D:7)
  A hound skeleton (D:5)
  A howler monkey zombie (D:6)
  10 gnolls
  6 adders
  A white imp (D:5)
  An ufetubus (D:6)
  2 dart slugs
  27 orcs
  4 ball pythons
  10 endoplasms
  A giant cockroach (D:2)
  6 goblins
  7 hobgoblins
  3 jackals (D:2)
  5 kobolds
  3 quokkas
  2 bats
  6 frilled lizards
  5 rats
  A bush (D:4)
184 creatures vanquished.

Vanquished Creatures (others)
  A death yak (D:8)
  3 howler monkeys (D:8)
  A shadow imp (D:8)
  An orc (D:9)
  4 plants (D:4)
10 creatures vanquished.

Grand Total: 194 creatures vanquished

Notes
Turn   | Place    | Note
-------+----------+-------------------------------------------
     0 | D:1      | raph the Merfolk Gladiator began the quest for the Orb.
     0 | D:1      | Reached XP level 1. HP: 16/16 MP: 1/1
     2 | D:1      | Noticed a demonspawn
     2 | D:1      | Noticed a demigod
     4 | D:1      | Noticed a merfolk
     6 | D:1      | Noticed an octopode
     8 | D:1      | Noticed a spriggan
     8 | D:1      | Noticed an ogre
    12 | D:1      | Noticed a gargoyle
    12 | D:1      | Noticed an elf
    14 | D:1      | Noticed a vine stalker
    14 | D:1      | Noticed a dwarf
    16 | D:1      | Noticed a ghoul
    16 | D:1      | Noticed a tengu
    18 | D:1      | Noticed a felid
    18 | D:1      | Noticed a draconian
    20 | D:1      | Noticed a human
    20 | D:1      | Noticed a minotaur
    22 | D:1      | Noticed a naga
    22 | D:1      | Noticed a vampire
    24 | D:1      | Noticed a formicid
    26 | D:1      | Noticed a troll
    74 | D:1      | Reached skill level 5 in Polearms
    97 | D:1      | Reached XP level 2. HP: 22/22 MP: 2/2
   460 | D:1      | Found a faded altar of an unknown god.
   499 | D:1      | Reached skill level 6 in Polearms
   499 | D:1      | Reached XP level 3. HP: 27/27 MP: 3/3
  1536 | D:3      | Reached skill level 7 in Polearms
  1536 | D:3      | Reached XP level 4. HP: 33/33 MP: 4/4
  1669 | D:3      | Noticed Jessica
  1673 | D:3      | Killed Jessica
  2080 | D:4      | Reached skill level 8 in Polearms
  2080 | D:4      | Reached XP level 5. HP: 38/38 MP: 5/5
  2084 | D:4      | Found a staircase to the Ecumenical Temple.
  2096 | Temple   | Entered the Ecumenical Temple
  2262 | Temple   | Became a worshipper of Elyvilon the Healer
  2308 | D:4      | Found an ancient bone altar of Kikubaaqudgha.
  2319 | D:4      | Found an ornate altar of the Wu Jian Council.
  2483 | D:4      | Noticed a lemure
  2484 | D:4      | Noticed Pikel
  2485 | D:4      | Noticed a lemure
  2485 | D:4      | Noticed a lemure
  2485 | D:4      | Noticed a lemure
  2801 | D:1      | Killed a lemure
  3696 | D:5      | Entered Level 5 of the Dungeon
  3698 | D:5      | Noticed a water moccasin
  4012 | D:5      | Reached skill level 9 in Polearms
  4025 | D:5      | Reached XP level 6. HP: 13/44 MP: 6/6
  4296 | D:5      | Reached skill level 10 in Polearms
  4399 | D:5      | Reached XP level 7. HP: 39/50 MP: 7/7
  4468 | D:5      | Reached * piety under Elyvilon
  4494 | D:5      | Reached skill level 11 in Polearms
  4572 | D:5      | Found Boakh's Magic Scroll Emporium.
  4582 | D:5      | Bought a scroll of enchant armour for 82 gold pieces
  4582 | D:5      | Bought a scroll of blinking for 82 gold pieces
  4582 | D:5      | Bought a scroll of identify for 22 gold pieces
  4718 | D:5      | Identified the +2 leather armour of Ulozass {Harm rElec rN+
                  | Stlth+}
  4927 | D:6      | Reached ** piety under Elyvilon
  4936 | D:6      | Reached skill level 1 in Invocations
  5019 | D:6      | Reached skill level 1 in Armour
  5019 | D:6      | Reached skill level 5 in Dodging
  5045 | D:6      | Reached XP level 8. HP: 29/58 MP: 9/9
  5602 | D:6      | Noticed a manticore
  5741 | D:6      | Killed a manticore
  5742 | D:6      | Reached skill level 12 in Polearms
  5742 | D:6      | Reached XP level 9. HP: 14/65 MP: 7/11
  6072 | D:6      | Noticed Edmund
  6092 | D:6      | Killed Edmund
  6290 | D:6      | Noticed Sigmund
  6295 | D:6      | Killed Sigmund
  6641 | D:7      | Found a glowing golden altar of the Shining One.
  6899 | D:7      | Reached skill level 5 in Fighting
  7733 | D:8      | Found a staircase to the Lair.
  7740 | D:8      | Noticed a death yak
  7741 | D:8      | Noticed a death yak
  7741 | D:8      | Noticed a death yak
  7751 | D:8      | Pacified a death yak
  7752 | D:8      | Reached XP level 10. HP: 71/74 MP: 8/13
  7754 | D:8      | Pacified a death yak
  7755 | D:8      | Reached skill level 13 in Polearms
  7755 | D:8      | Reached skill level 10 in Dodging
  7755 | D:8      | Reached skill level 5 in Invocations
  7766 | D:8      | Killed a death yak
  8910 | D:3      | Killed Pikel
  9282 | D:9      | Found Geremm's Weapon Shoppe.
  9282 | D:9      | Found a staircase to the Orcish Mines.
  9301 | D:9      | Found Qaolick's Armour Shoppe.
  9352 | D:9      | Reached XP level 11. HP: 81/83 MP: 15/15
  9537 | D:9      | Found a sparkling altar of Nemelex Xobeh.
  9876 | D:9      | Reached *** piety under Elyvilon
  9907 | D:9      | Found a broken altar of Ashenzari.
  9908 | D:9      | Found a radiant altar of Vehumet.
  9973 | D:10     | Entered Level 10 of the Dungeon
  9992 | D:10     | Identified the +3 ring mail of Bad Feelings {Rampage Str-2
                  | Int-4 Dex+9}
 10174 | D:10     | Noticed Fannar
 10182 | D:10     | Elyvilon protects you from harm!
 10183 | D:10     | HP: 2/83 [Fannar/refrigeration (19)]
 10184 | D:10     | Slain by Fannar

Illustrated notes

Levels and vault maps discovered:
D:1:      kb_arrival_jail, layout_basic, ebering_ecumenical_altar_abandoned
D:2:      layout_rooms
D:3:      layout_rooms, uniq_jessica
D:4:      layout_rooms, overflow_temple_1_default, kiku_gazebo_garden_becter,
          minmay_temple_entry_water_ring, serial_forest,
          infiniplex_forest_lined_room_, infiniplex_forest_corner_1,
          infiniplex_forest_pool, infiniplex_forest_clump_small,
          infiniplex_forest_lined_1, infiniplex_forest_clump_large,
          infiniplex_forest_side_room, infiniplex_forest_lined_1, uniq_pikel
D:5:      layout_rooms, serial_shops, nicolae_shop_trees
D:6:      minmay_thick_lines, layout_cave_pools, sigmund_edmund_badplayer
D:7:      layout_basic, mainiacjoe_overflow_cross_hatched
D:8:      layout_loops_ring, dpeg_lair_monsters, kennysheep_nub
D:9:      layout_big_octagon, gammafunk_temple_overflow_pools,
          mainiacjoe_overflow_catwalk, orc_david_3
D:10:     layout_roguey, gammafunk_ghost_ooze, uniq_fannar
Temple:   regret_index_temple_sphere_string

Skill      XL: |  1  2  3  4  5  6  7  8  9 10 |
---------------+-------------------------------+-----
Polearms       | 5 6 7 8 9 10 11 12 13 | 13.8
Invocations    | 1 3 4 6 |  6.3
Armour         | 1 2 3 4 |  4.4
Dodging        | 5 7 9 11 | 11.7
Fighting       | 3 4 5 6 |  6.8
Throwing       | 4 |  4.5

Action                   |  1- 3 |  4- 6 |  7- 9 | 10-12 || total
-------------------------+-------+-------+-------+-------++-------
Melee: Trident           |   108 |   147 |   199 |       ||   454
       Punch             |     1 |     1 |     7 |       ||     9
       Halberd           |       |       |    35 |   162 ||   197
Throw: Dart              |       |       |     2 |     2 ||     4
       Throwing net      |       |       |     1 |     1 ||     2
       Javelin           |       |       |       |    11 ||    11
Invok: Heal Other        |       |       |     7 |     6 ||    13
Evoke: Wand              |       |     1 |     1 |     1 ||     3
  Use: Scroll            |     4 |    11 |     7 |     7 ||    29
       Potion            |       |     3 |     2 |     2 ||     7
 Stab: Sleeping          |     6 |     1 |     8 |     1 ||    16
       Distracted        |       |       |       |     1 ||     1
Armor: Leather armour    |    11 |    18 |    38 |    24 ||    91
Dodge: Dodged            |    52 |    57 |   108 |    82 ||   299
Block: Other             |    11 |    18 |    30 |    23 ||    82
       Reflection        |       |     1 |       |     2 ||     3
